 Dungeon Crawl Stone Soup version 0.31-a0-263-ge8cad7f256 (webtiles) character file.

Game seed: 13066431609030972541

23 qw the Shooter (level 2, -9/24 HPs)
             Began as a Minotaur Hexslinger on July 13, 2023.
             Killed from afar by Sigmund (10 damage)
             ... with a puff of flame
             ... on level 2 of the Dungeon.
             The game lasted 00:00:18 (800 turns).

qw the Shooter (Minotaur Hexslinger)                 Turns: 800, Time: 00:00:19

Health: -9/24      AC:  2    Str: 12    XL:     2   Next: 75%
Magic:  2/2        EV: 12    Int: 10    God:
Gold:   93         SH:  0    Dex: 12    Spells: 2/3 levels left

rFire   . . .        e - +1 sling (heavy)
rCold   . . .        (no shield)
rNeg    . . .        c - +0 robe
rPois   .            (helmet restricted)
rElec   .            (no cloak)
rCorr   .            (no gloves)
SInv    .            (no boots)
Will    .....        (no amulet)
Stlth   +            (no ring)
HPRegen 0.24/turn    (no ring)
MPRegen 0.08/turn

%: no passive effects
@: no status effects
A: horns 2, retaliatory headbutt
a: no special abilities


You were on level 2 of the Dungeon.
You visited 1 branch of the dungeon, and saw 2 of its levels.

You collected 93 gold pieces.


Innate Abilities, Weirdness & Mutations

You have a pair of horns on your head.
You reflexively headbutt those who attack you in melee.


   Skills:
 - Level 2.0 Fighting
 + Level 3.4 Ranged Weapons
 - Level 2.1 Dodging
 - Level 1.0 Spellcasting
 - Level 2.0 Hexes


You had 2 spell levels left.
You knew the following spells:

 Your Spells              Type           Power      Damage    Failure   Level
a - Slow                  Hex            16%        N/A       16%         1

Your spell library contained the following spells:

 Spells                   Type           Power      Damage    Failure   Level
 Inner Flame              Hex/Fire       2%         N/A       56%         3
 Portal Projectile        Hex/Tloc       4%         N/A       56%         3
 Cause Fear               Hex            2%         N/A       83%         4

Inventory:

Hand Weapons
 e - a +1 heavy sling (weapon)
Armour
 c - a +0 robe (worn)
Scrolls
 b - a scroll of revelation {unknown}
Potions
 a - a potion of ambrosia {unknown}
 f - a potion of curing {unknown}
 h - a potion of mutation {unknown}

Dungeon Overview and Level Annotations

Branches:
Dungeon (2/15)

Altars:
Hepliaklqana

Annotations:
D:2 Sigmund


Message History

You shoot a sling bullet.
The sling bullet closely misses the bat.
The bat closely misses you. The bat hits you but does no damage.
You shoot a sling bullet. The sling bullet hits the bat.
You kill the bat!
You now have 81 gold pieces (gained 4).
Found a stone staircase leading down.
b - a scroll labelled KOEBOGGEUPA You now have 93 gold pieces (gained 12).
Found a stone staircase leading up.
Sigmund the Dreaded comes into view.
He is wielding a +2 scythe of flaming.
Enter note:
Enter note:
Enter note: You shoot a sling bullet.
The sling bullet hits Sigmund!
Sigmund shouts!
Sigmund is moderately wounded.
You shoot a sling bullet.
The sling bullet closely misses Sigmund.
Sigmund gestures at you while chanting. The puff of flame hits you!
Ouch! That really hurt!
Sigmund casts a spell at you. The puff of flame hits you!
793 ||| FLEEEEING.
794 ||| FLEEEEING.
795 ||| FLEEEEING.
Enter note:
Enter note:
Enter note:
796 ||| STILL FLEEEEING.
797 ||| FLEEEEING.
798 ||| FLEEEEING.
799 ||| FLEEEEING.
Sigmund gestures at you while chanting. The magic dart hits you.
800 ||| FLEEEEING.
Sigmund points at you and mumbles some strange words.
The puff of flame hits you!
You die...

#.# #.# .. ##.## ###..
#...# .....#### #...#
####.<....## #...# .
..........# #...# ..
#........#####...######
.$.#....@......@.........~
..........................
........##...............#
#........###.#...#.####
........##### #.#...#.#
##.####.# #.#...#.# ..#
#.#...# ##.# #.#...# ..#
#..>...


You could see Sigmund.

Vanquished Creatures
  A dart slug (D:1)
  2 bats
  An endoplasm (D:1)
  5 goblins (D:1)
  A hobgoblin (D:1)
  2 jackals (D:1)
  3 kobolds
  A quokka (D:1)
  3 ball pythons (D:1)
  2 rats (D:1)
21 creatures vanquished.

Notes
Turn   | Place    | Note
-------+----------+-------------------------------------------
     0 | D:1      | qw the Minotaur Hexslinger began the quest for the Orb.
     0 | D:1      | Reached XP level 1. HP: 16/16 MP: 1/1
     0 | D:1      | 0 ||| qw: Version: 0.3-a-52-g30416fa
     0 | D:1      | 0 ||| qw: Game counter: 7335
     0 | D:1      | 0 ||| qw: Melee chars always use a shield: true
     0 | D:1      | 0 ||| qw: God list: Okawaru
     0 | D:1      | 0 ||| qw: Allow faded altars: false
     0 | D:1      | 0 ||| qw: Do Orc after clearing Dungeon:15 true
     0 | D:1      | 0 ||| qw: Do second Lair branch before Depths: true
     0 | D:1      | 0 ||| qw: Lair rune preference: random
     0 | D:1      | 0 ||| qw: Goals: Normal
     0 | D:1      | 0 ||| PLANNING D:1-11
   238 | D:1      | Reached skill level 3 in Ranged Weapons
   238 | D:1      | Reached XP level 2. HP: 20/23 MP: 2/2
   689 | D:1      | 689 ||| READING scroll labelled QIAMISM QISTONOMY.
   690 | D:1      | 690 ||| READING scroll labelled RAVOLO RAETU.
   691 | D:1      | 691 ||| READING scroll labelled PAORPHAI ZEOXT.
   696 | D:1      | 696 ||| DROPPING scroll of poison.
   737 | D:2      | Found a hazy altar of Hepliaklqana.
   790 | D:2      | Noticed Sigmund
   792 | D:2      | HP: 3/24 [Sigmund/puff of flame (8)]
   793 | D:2      | 793 ||| FLEEEEING.
   794 | D:2      | 794 ||| FLEEEEING.
   795 | D:2      | 795 ||| FLEEEEING.
   797 | D:2      | 797 ||| FLEEEEING.
   798 | D:2      | 798 ||| FLEEEEING.
   799 | D:2      | 799 ||| FLEEEEING.
   799 | D:2      | HP: 1/24 [Sigmund/magic dart (4)]
   800 | D:2      | 800 ||| FLEEEEING.
   800 | D:2      | Killed from afar by Sigmund

Levels and vault maps discovered:
D:1:      ldierk_walled_garden_2, layout_loops_cross, kennysheep_minor_cross,
          minmay_tromino_v2
D:2:      layout_loops_cross, basic_altar, st_stairs_3, serial_bayou_pond_d,
          uniq_sigmund

Skill      XL: |  1  2 |
---------------+-------+-----
Ranged Weapons | 3 |  3.4
Fighting       | 2 |  2.0
Dodging        | |  2.1
Spellcasting   | |  1.0
Hexes          | |  2.0

Action                     || total
---------------------------++-------
   Fire: Sling             ||    68
    Use: Scroll            ||     3
 Armour: Robe              ||     9
  Dodge: Dodged            ||    30

Table legend:
 A = Non-vault XP
 B = Vault XP
 C = Vault XP percentage of total XP
 D = Non-vault monster count
 E = Vault monster count
 F = Vault count percentage of total count
                 A         B        C        D         E       F
            +---------+---------+-------+---------+---------+-------
      Total |      32 |       2 |   5.9 |      19 |       2 |   9.5
            +---------+---------+-------+---------+---------+-------
        D:1 |      29 |       2 |   6.5 |      17 |       2 |  10.5
        D:2 |       3 |       0 |   0.0 |       2 |       0 |   0.0
            +---------+---------+-------+---------+---------+-------
